 Dungeon Crawl Stone Soup version 0.32-a0-953-g508020473e (webtiles) character file.

Game seed: 3649592150744338254

11484 Esekla the Covert (level 11, -10/75 HPs)
             Began as an Octopode Delver on Apr 16, 2024.
             Was an Initiate of Gozag.
             Mangled by an ice devil (15 damage)
             ... on level 2 of the Lair of Beasts.
             The game lasted 00:55:07 (9804 turns).

Esekla the Covert (Octopode Delver)                 Turns: 9804, Time: 00:55:08

Health: -10/75     AC:  2    Str: 11    XL:     11   Next: 78%
Magic:  21/22      EV: 14    Int: 23    God:    Gozag
Gold:   959        SH: 10    Dex: 14    Spells: 14/24 levels left

rFire   + . .        g - +9 short sword of Youthful Indiscretion {drain, rCorr Stlth+}
rCold   . . .        x - +0 buckler
rNeg    . . .        A - +1 hat
rPois   +            G - amulet of reflection
rElec   .            n - +6 ring of intelligence
rCorr   +            F - ring "Cianag" {rPois rF+ Stlth+}
SInv    .            J - ring of flight
Will    .....        (no ring)
Stlth   ++++++++     (no ring)
HPRegen 0.32/turn    (no ring)
MPRegen 0.18/turn    (no ring)
                     (no ring)

%: reflection
@: gold aura, flying
A: almost no armour, amphibious, 8 rings, camouflage 1, gelatinous body 1,
(nimble swimmer 1), tentacles
a: Renounce Religion, Potion Petition, Call Merchant, Bribe Branch


You were on level 2 of the Lair of Beasts.
You worshipped Gozag.
Gozag was pleased with you.
You visited 3 branches of the dungeon, and saw 12 of its levels.

You collected 2284 gold pieces.
You spent 662 gold pieces at shops.
You paid 663 gold pieces to Gozag.

Inventory:

Hand Weapons
 a - a +0 trident
 g - the +9 short sword of Youthful Indiscretion (weapon) {drain, rCorr Stlth+}
   (You found it on level 4 of the Dungeon)

   rCorr:     It protects you from acid and corrosion.
   Stlth+:    It makes you more stealthy.
Missiles
 t - 18 poisoned darts (quivered)
 v - 2 boomerangs
 D - 5 javelins
Armour
 x - a +0 buckler (worn)
 A - a +1 hat (worn)
Jewellery
 n - a +6 ring of intelligence (left tentacle)
 F - the ring "Cianag" (right tentacle) {rPois rF+ Stlth+}
   (You bought it in a shop on level 6 of the Dungeon)

   [ring of poison resistance]

   rF+:       It protects you from fire.
   rPois:     It protects you from poison.
   Stlth+:    It makes you more stealthy.
 G - an amulet of reflection (around mantle)
 H - a ring of fire
 J - a ring of flight (on tentacle)
Wands
 f - a wand of digging (3)
 h - a wand of warping (11)
 E - a wand of flame (38)
Scrolls
 b - 2 scrolls of fog
 c - 2 scrolls of immolation {unknown}
 d - 2 scrolls of enchant armour {unknown}
 i - 2 scrolls of poison {unknown}
 k - a scroll of blinking
 p - 5 scrolls of amnesia
 r - 2 scrolls of enchant weapon
 s - 2 scrolls of butterflies
 y - a scroll of teleportation {unknown}
 z - a scroll of torment {unknown}
 B - 3 scrolls of revelation
Potions
 e - 2 potions of haste
 j - 4 potions of brilliance
 l - 2 potions of cancellation
 m - 3 potions of might
 o - 3 potions of heal wounds
 q - 4 potions of attraction
 u - 3 potions of curing {unknown}
 w - a potion of lignification {unknown}
 C - 2 potions of resistance
 I - a potion of ambrosia {unknown}


   Skills:
 * Level 7.2 Fighting
 + Level 6.0 Short Blades
 + Level 2.1 Polearms
 + Level 3.1 Throwing
 * Level 6.8 Dodging
 + Level 12.1 Stealth
 + Level 4.6 Shields
 * Level 7.3 Spellcasting
 * Level 4.8 Necromancy
 + Level 1.7 Translocations
 * Level 4.0 Air Magic
 * Level 4.3 Alchemy


You had 14 spell levels left.
You knew the following spells:

 Your Spells              Type           Power      Damage    Failure   Level
d - Vampiric Draining     Necr           30%        2d8       4%          3
p - Apportation           Tloc           32%        N/A       4%          1
v - Mercury Vapours       Alch/Air       54%        N/A       2%          2
x - Olgreb's Toxic Radia  Alch           28%        N/A       17%         4

Your spell library contained the following spells:

 Spells                   Type           Power      Damage    Failure   Level
 Necrotise                Necr           100%       1d9       1%          1
 Sublimation of Blood     Necr           30%        N/A       1%          2
 Sting                    Conj/Alch      72%        1d7       4%          1
 Sandblast                Erth           16%        2d6       10%         1
 Call Imp                 Summ           16%        N/A       16%         2
 Jinxbite                 Hex            16%        N/A       16%         2
 Passwall                 Erth           8%         N/A       30%         3
 Stone Arrow              Conj/Erth      16%        3d8       30%         3
 Summon Ice Beast         Ice/Summ       8%         N/A       30%         3
 Martyr's Knell           Necr/Summ      19%        N/A       36%         4
 Curse of Agony           Necr           30%        N/A       36%         5
 Alistair's Intoxication  Alch           18%        N/A       43%         5
 Yara's Violent Unravell  Hex/Alch       9%         3d6       75%         5
 Summon Forest            Summ/Tloc      6%         N/A       89%         5
 Summon Mana Viper        Hex/Summ       8%         N/A       95%         5
 Summon Cactus Giant      Summ           4%         N/A       100%        6
 Enfeeble                 Hex            4%         N/A       100%        7
 Monstrous Menagerie      Summ           4%         N/A       100%        7
 Summon Hydra             Summ           4%         N/A       100%        7


Dungeon Overview and Level Annotations

Branches:
Dungeon (9/15)             Temple (1/1) D:5            Lair (2/5) D:9
  Swamp: Lair:2-3    Shoals: Lair:2-3     Snake: Lair:2-3    Spider: Lair:2-3
    Orc: D:9-12

Altars:
Ashenzari
Cheibriados
Dithmenos
Elyvilon
Fedhas
Gozag
Hepliaklqana
Kikubaaqudgha
Makhleb
Nemelex Xobeh
Okawaru
Qazlal
Ru
Sif Muna
Trog
Uskayaw
Vehumet
Wu Jian
Xom
Yredelemnul
Zin
The Shining One

Shops:
D:4 *   D:6 =

Portals:
Ice
Cave: Lair:2

Annotations:
D:6 1 runed translucent door, Biggs's ghost, novice TrGl
Lair:2 exclusion: oklob plant


Innate Abilities, Weirdness & Mutations

You cannot wear most types of armour.
You are amphibious.
You can wear up to eight rings at the same time.
Your skin changes colour to match your surroundings (Stealth+).
Your rubbery body absorbs attacks. (AC +1, EV +1)
((You are camouflaged when in or above water. (Stealth+)))
You have tentacles for arms and can constrict up to eight enemies at once.


Message History

The ice devil is moderately wounded.
You constrict the ice devil. You block the ice devil's attack.
You puncture the ice devil! You squeeze the ice devil.
The ice devil is severely wounded.
You constrict the ice devil, but do no damage.
You block the ice devil's attack.
You hit the ice devil but do no damage.
The ice devil is severely wounded.
You constrict the ice devil, but do no damage.
The ice devil hits you. The ice devil freezes you!
You puncture the ice devil!
The ice devil is almost dead.
You constrict the ice devil. You hit the ice devil but do no damage.
The ice devil is almost dead.
You constrict the ice devil.
You kill the ice devil!
Your Air Magic skill increases to level 4!
You hit the ice devil. You grab the ice devil.
The ice devil is lightly wounded.
You constrict the ice devil. You block the ice devil's attack.
You hit the ice devil but do no damage. You squeeze the ice devil!
The ice devil is moderately wounded.
You constrict the ice devil. You hit the ice devil but do no damage.
You squeeze the ice devil.
The ice devil is heavily wounded.
You constrict the ice devil. The ice devil closely misses you.
You hit the ice devil but do no damage.
The ice devil is heavily wounded.
You constrict the ice devil, but do no damage.
The ice devil hits you. The ice devil freezes you!!
* * * LOW HITPOINT WARNING * * *
You completely miss the ice devil. You squeeze the ice devil.
The ice devil is severely wounded.
You hear the faint crackling of a melting archway.
You constrict the ice devil. The ice devil hits you!
* * * LOW HITPOINT WARNING * * *
The ice devil freezes you!
You die...
Your body crumbles into a pile of gold.

.#..
######...#
.## P. ..
#.#.### ##P .
...
#...#.##...P_
..#
#.......<...P
#....##....y.
##.#.# ...##
#+#+# .##
#...# ..
##@## #.
###4###
#.....#
#.....#
#.....#
#..∩..#
#######


You could see an ice devil.

Vanquished Creatures
  A black mamba (Lair:1)
  2 cane toads (Lair:1)
  A rime drake (Lair:1)
  An ice devil (Lair:2)
  2 komodo dragons
  Prince Ribbit (D:7)
  A polar bear (Lair:1)
  6 blink frogs
  A basilisk (Lair:1)
  A wyvern (D:9)
  A human (D:7)
  27 yaks
  A wraith (D:9)
  4 water moccasins
  An acid dragon (D:8)
  3 orc warriors
  5 black bears
  3 centaurs
  A phantom (D:6)
  A kobold brigand (D:6)
  4 bullfrogs
  3 scorpions
  3 wights
  12 killer bees (D:9)
  3 howler monkeys (D:8)
  A bombardier beetle (D:7)
  4 hounds
  3 orc priests
  A gnoll bouda (D:8)
  A jelly (D:8)
  5 sleepcaps
  8 orc wizards
  2 hell rats (D:9)
  7 gnolls
  8 adders
  A river rat (D:9)
  2 white imps
  2 ribbon worms
  3 dart slugs
  37 orcs
  2 bats
  2 endoplasms
  3 giant cockroaches
  7 goblins
  11 hobgoblins
  6 jackals
  9 kobolds
  2 quokkas
  5 ball pythons
  2 frilled lizards
  A jackal zombie (D:7)
  5 rats
229 creatures vanquished.

Notes
Turn   | Place    | Note
-------+----------+-------------------------------------------
     0 | D:5      | Esekla the Octopode Delver began the quest for the Orb.
     0 | D:5      | Reached XP level 1. HP: 16/16 MP: 1/1
    29 | D:5      | Found a shimmering altar of Xom.
    40 | D:5      | Noticed an orc warrior
    52 | D:5      | Found a staircase to the Ecumenical Temple.
    60 | Temple   | Entered the Ecumenical Temple
   132 | Temple   | Became a worshipper of Gozag Ym Sagoz the Greedy
   219 | D:4      | Identified the +9 short sword of Youthful Indiscretion
                  | {drain, rCorr Stlth+}
   249 | D:4      | Reached skill level 7 in Stealth
   268 | D:4      | Reached XP level 2. HP: 21/21 MP: 2/2
   317 | D:4      | Found Cirod's Assorted Antiques.
   336 | D:4      | Bought a scroll labelled QUTU HACHEI for 23 gold pieces
   336 | D:4      | Bought a scroll labelled QUTU HACHEI for 23 gold pieces
   336 | D:4      | Bought a scroll labelled SUHETZ TALECW for 23 gold pieces
   359 | D:4      | Reached XP level 3. HP: 26/26 MP: 2/4
   403 | D:4      | Reached skill level 1 in Spellcasting
   403 | D:4      | Reached XP level 4. HP: 31/31 MP: 5/5
   477 | D:4      | Reached skill level 8 in Stealth
   535 | D:4      | Noticed a scorpion
   540 | D:4      | Killed a scorpion
   541 | D:4      | Reached XP level 5. HP: 36/36 MP: 5/7
   654 | D:4      | Bought a notched coral ring for 115 gold pieces
   959 | D:4      | Reached XP level 6. HP: 31/43 MP: 8/8
  1216 | D:3      | Reached skill level 1 in Short Blades
  1221 | D:3      | Reached skill level 9 in Stealth
  1781 | D:1      | Found a faded altar of an unknown god.
  2711 | D:5      | Found a stormy altar of Qazlal.
  2809 | D:5      | Reached XP level 7. HP: 48/48 MP: 10/10
  3232 | D:5      | Reached skill level 1 in Shields
  3587 | D:6      | Found an iron altar of Okawaru.
  3616 | D:6      | Reached skill level 10 in Stealth
  3777 | D:6      | Reached XP level 8. HP: 54/54 MP: 12/12
  3878 | D:6      | Found a sacrificial altar of Ru.
  3892 | D:6      | Found an ornate altar of the Wu Jian Council.
  4012 | D:6      | Found a runed translucent door.
  4023 | D:6      | Noticed Biggs's ghost (novice TrGl)
  4508 | D:7      | Noticed Prince Ribbit
  4543 | D:7      | Killed Prince Ribbit
  4586 | D:7      | Reached skill level 5 in Fighting
  4586 | D:7      | Reached skill level 1 in Throwing
  4901 | D:7      | Found a runed translucent door.
  4962 | D:7      | Found a basalt altar of Yredelemnul.
  5219 | D:7      | Reached XP level 9. HP: 61/61 MP: 14/14
  5568 | D:7      | Reached skill level 11 in Stealth
  5988 | D:7      | Learned a level 3 spell: Vampiric Draining
  5999 | D:7      | Reached skill level 5 in Dodging
  6213 | D:8      | Reached skill level 1 in Necromancy
  6423 | D:8      | Reached skill level 5 in Short Blades
  6664 | D:9      | Learned a level 1 spell: Apportation
  6832 | D:9      | Reached XP level 10. HP: 25/68 MP: 1/16
  7009 | D:9      | Found a staircase to the Lair.
  7189 | D:6      | Bought the ring "Cianag" {rPois rF+ Stlth+} for 478 gold
                  | pieces
  7355 | D:9      | Learned a level 2 spell: Mercury Vapours
  7716 | D:9      | Reached skill level 5 in Spellcasting
  7716 | D:9      | Reached skill level 1 in Air Magic
  7945 | D:9      | Reached skill level 1 in Alchemy
  7970 | D:9      | Learned a level 4 spell: Olgreb's Toxic Radiance
  8404 | Lair:1   | Entered Level 1 of the Lair of Beasts
  8498 | Lair:1   | Reached skill level 1 in Translocations
  8524 | Lair:1   | Reached skill level 12 in Stealth
  8524 | Lair:1   | Reached XP level 11. HP: 74/74 MP: 15/20
  9779 | Lair:2   | Found a shadowy altar of Dithmenos.
  9779 | Lair:2   | Noticed an oklob plant
  9784 | Lair:2   | Found a frozen archway.
  9804 | Lair:2   | Mangled by an ice devil

Illustrated notes

Levels and vault maps discovered:
D:1:      minmay_arrival_open_corners, layout_rooms,
          ebering_ecumenical_altar_ruins, hex_intersection
D:2:      layout_loops_cross, minmay_hedge_maze
D:3:      layout_loops_ring
D:4:      layout_basic, serial_shops, nicolae_shop_behind_doors,
          serial_park_tiny_1
D:5:      layout_loops_ring, lemuel_doored_altar,
          mainiacjoe_overflow_six_doors_small, minmay_temple_entry_glassed_door,
          amcnicky_mini_pool_small
D:6:      layout_loops_cross, okawaru_metal_pillars_1_2, jmf_multi_god_temple2,
          ebering_ghost_reflecting_pool, kennysheep_small_spiral
D:7:      layout_loops_ring, dk_yredelemnul_ordeal, uniq_prince_ribbit1
D:8:      layout_rooms
D:9:      layout_stronghold, dpeg_lair_monsters
Temple:   minmay_temple_bridge_d
Lair:1:   layout_gridlike
Lair:2:   layout_loops_ring, portal_ice_cave_demonic_guard, lemuel_oklob_altar,
          lemuel_fruit_tree

Skill      XL: |  1  2  3  4  5  6  7  8  9 10 11 |
---------------+----------------------------------+-----
Stealth        | 7 8 9 10 11 12 | 12.1
Spellcasting   | 1 2 3 4 6 7 |  7.3
Short Blades   | 1 2 4 5 6 |  6.0
Dodging        | 3 4 5 6 |  6.8
Fighting       | 4 5 6 7 |  7.2
Shields        | 2 3 4 |  4.6
Throwing       | 1 2 3 |  3.1
Necromancy     | 1 3 4 |  4.8
Air Magic      | 3 4 |  4.0
Alchemy        | 2 4 |  4.3
Translocations | 1 |  1.7
Polearms       | |  2.1

Action                     |  1- 3 |  4- 6 |  7- 9 | 10-12 || total
---------------------------+-------+-------+-------+-------++-------
  Melee: Short sword       |    13 |    95 |   176 |   199 ||   483
         Constrict         |     2 |    18 |    34 |    21 ||    75
         Tentacles         |       |    10 |    36 |    54 ||   100
  Throw: Dart              |       |     2 |    12 |    40 ||    54
         Javelin           |       |       |     2 |     6 ||     8
         Boomerang         |       |       |       |     4 ||     4
   Cast: Vampiric Draining |       |       |     6 |    27 ||    33
         Apportation       |       |       |       |    47 ||    47
         Mercury Vapours   |       |       |       |    10 ||    10
         Olgreb's Toxic Ra |       |       |       |     2 ||     2
 Invoke: Call Merchant     |       |       |     1 |       ||     1
    Use: Scroll            |     1 |       |    11 |     2 ||    14
         Potion            |       |       |       |     1 ||     1
   Stab: Sleeping          |     3 |    22 |    16 |     8 ||    49
         Distracted        |       |     1 |     2 |       ||     3
         Fleeing           |       |       |     1 |       ||     1
 Armour: Skin              |     4 |    24 |    80 |    68 ||   176
  Dodge: Dodged            |     8 |    27 |    89 |    72 ||   196
  Block: Buckler           |       |     4 |    24 |    72 ||   100

Table legend: (Time is in decaauts)
 A = Elapsed time spent in this place.
 B = Non-inter-level travel time spent in this place.
 C = Inter-level travel time spent in this place.
 D = Time resting spent in this place.
 E = Time spent auto-exploring this place.
 F = Levels seen in this place.
 G = Mean time per level.
                   A        B        C        D        E       F      G
               +--------+--------+--------+--------+--------+-----+--------+
         Total |   9752 |   9184 |    568 |   2165 |   2556 |  12 |  812.7 |
       Dungeon |   8515 |   8112 |    403 |   1898 |   2376 |   9 |  946.1 |
        Temple |    144 |      1 |    143 |      0 |      0 |   1 |  144.0 |
          Lair |   1091 |   1070 |     21 |    266 |    180 |   2 |  545.5 |
               +--------+--------+--------+--------+--------+-----+--------+

Top non-repeatable levels by time:
     D:9: 1887 daAuts
     D:7: 1457 daAuts
     D:6: 1063 daAuts
  Lair:1: 991 daAuts
     D:5: 835 daAuts
     D:8: 801 daAuts
     D:2: 785 daAuts
     D:3: 709 daAuts
     D:4: 563 daAuts
     D:1: 411 daAuts
  Temple: 144 daAuts
  Lair:2: 100 daAuts
